 Dungeon Crawl Stone Soup version 0.31-a0-202-g547052bce9 (webtiles) character file.

Game seed: 394905979155816257

142 qw the Skirmisher (level 5, -2/27 (29) HPs)
             Began as a Deep Elf Hunter on June 26, 2023.
             Slain by a necrophage (5 damage)
             ... in a sewer.
             The game lasted 00:00:48 (1704 turns).

qw the Skirmisher (Deep Elf Hunter)                 Turns: 1704, Time: 00:00:48

HP:   -2/27 (29)    AC:  4    Str: 10    XL:     5   Next: 4%
MP:   7/7           EV: 12    Int: 14    God:
Gold: 178           SH:  0    Dex: 18    Spells: 4/4 levels left

rFire   . . .        Y - +0 shortbow
rCold   . . .        (shield currently unavailable)
rNeg    . . .        c - +0 leather armour
rPois   .            (no helmet)
rElec   .            (no cloak)
rCorr   .            (no gloves)
SInv    .            b - +0 pair of boots
Will    .....        (no amulet)
Stlth   ++           (no ring)
HPRegen 0.24/turn    (no ring)
MPRegen 0.10/turn

%: no passive effects
@: drained
A: no striking features
a: no special abilities


You were in a sewer.
You visited 1 branch of the dungeon, and saw 3 of its levels.
You also visited: Sewer.

You collected 178 gold pieces.


   Skills:
 - Level 1.5 Fighting
 + Level 8.4 Ranged Weapons
 - Level 2.4 Dodging
 - Level 1.2 Stealth


You had 4 spell levels left.
You didn't know any spells.
Your spell library was empty.

Inventory:

Hand Weapons
 Y - a +0 shortbow (weapon)
Armour
 b - a +0 pair of boots (worn)
 c - a +0 leather armour (worn)
Scrolls
 g - a scroll of identify
Potions
 e - a potion of attraction {unknown}
 f - a potion of might
 h - a potion of magic {unknown}

Dungeon Overview and Level Annotations

Branches:
Dungeon (3/15)              Sewer (1/1)

Altars:

Annotations:
Sewer Grinder


Message History

You kill the shadow imp!
The kobold hits you with a +0 club.
You have reached level 5!
You shoot an arrow. The arrow hits the kobold.
You kill the kobold!
A kobold comes into view. It is wielding a +0 club.
The shadow imp spits at you.
You shoot an arrow. The arrow hits the kobold.
You kill the kobold!
The kobold hits you but does no damage.
You shoot an arrow. The arrow hits the necrophage!
The necrophage is moderately damaged.
The necrophage barely misses you. The kobold hits you but does no damage.
You shoot an arrow. The arrow hits the necrophage.
The necrophage is heavily damaged.
The necrophage hits you but does no damage.
The kobold closely misses you.
You shoot an arrow. The arrow barely misses the necrophage.
The arrow hits the shadow imp.
The shadow imp is moderately wounded.
You hear a shout!
The necrophage hits you. The kobold barely misses you.
The shadow imp shouts, "Go and return not, thou euchred crook-pated pigeon-egg!"
You shoot an arrow. The arrow hits the necrophage.
The necrophage is severely damaged.
The necrophage barely misses you. The kobold barely misses you.
A kobold brigand comes into view.
It is wielding a +0 dagger and quivering curare-tipped darts.
You shoot an arrow.
The arrow hits the necrophage but does no damage.
The necrophage is severely damaged.
The necrophage hits you.
You feel drained.
The kobold hits you with a +0 short sword.
You shoot an arrow.
The arrow hits the necrophage but does no damage.
The necrophage is severely damaged.
The necrophage hits you.
You feel drained. The kobold closely misses you.
You shoot an arrow. The arrow hits the necrophage.
The necrophage is severely damaged.
The necrophage hits you.
You die...

#~~~~~~#...~~~~~~~#
#~~~~~~#...#~~~~~~#
#~~~~~...~)...~~~~#
#~~~~..#~~~#..~~~~#
#......#~~~#......#
#'#######~#######+#
#.)....#...#....
#..~~~~.....~~.~
#~~~~~~#@K.#~~~
#########n#### K5#
5K.. Z..)' _.}.'..
....'.. .}..#~~


You could see Grinder, a kobold brigand, a necrophage, a shadow imp, a kobold
zombie and 2 kobolds.

Vanquished Creatures
  3 adders (D:2)
  3 river rats (D:3)
  2 shadow imps (Sewer)
  2 ufetubi (Sewer)
  A worm (D:2)
  2 dart slugs (D:2)
  4 endoplasms
  7 giant cockroaches
  3 goblins
  A hobgoblin (D:3)
  2 quokkas (D:1)
  9 ball pythons
  4 bats
  2 frilled lizards
  12 kobolds
  3 rats
60 creatures vanquished.

Notes
Turn   | Place    | Note
-------+----------+-------------------------------------------
     0 | D:1      | qw the Deep Elf Hunter began the quest for the Orb.
     0 | D:1      | Reached XP level 1. HP: 12/12 MP: 3/3
     0 | D:1      | 0 ||| qw: Version: 0.3-a-22-g0ed2b0b
     0 | D:1      | 0 ||| qw: Game counter: 5826
     0 | D:1      | 0 ||| qw: Melee chars always use a shield: true
     0 | D:1      | 0 ||| qw: God list: Okawaru
     0 | D:1      | 0 ||| qw: Allow faded altars: false
     0 | D:1      | 0 ||| qw: Do Orc after clearing Dungeon:15 true
     0 | D:1      | 0 ||| qw: Do second Lair branch before Depths: true
     0 | D:1      | 0 ||| qw: Lair rune preference: random
     0 | D:1      | 0 ||| qw: Goals: Normal
     0 | D:1      | 0 ||| PLANNING D:1-11
   323 | D:1      | Reached XP level 2. HP: 16/16 MP: 4/4
   368 | D:1      | Reached skill level 6 in Ranged Weapons
   561 | D:1      | 561 ||| READING scroll labelled ERAZATSYEGA.
   562 | D:1      | 562 ||| READING 3 scrolls labelled OFATUM PENIOTE.
   563 | D:1      | 563 ||| READING scroll labelled ZARROF DEOMP.
   564 | D:1      | 564 ||| READING scroll labelled GIWESHR DUZUTAI.
   565 | D:1      | 565 ||| DRINKING 2 grey potions.
   566 | D:1      | 566 ||| DROPPING scroll of butterflies.
   567 | D:1      | 567 ||| DROPPING 2 scrolls of amnesia.
   691 | D:2      | 691 ||| UPGRADING to +0 pair of boots.
   698 | D:2      | 698 ||| STAIRDANCE
   749 | D:2      | 749 ||| FLEEEEING.
   750 | D:2      | 750 ||| FLEEEEING.
   922 | D:2      | Reached XP level 3. HP: 16/20 MP: 5/5
   947 | D:2      | Reached skill level 7 in Ranged Weapons
  1107 | D:2      | 1107 ||| READING 2 scrolls of identify.
  1107 | D:2      | 1107 ||| IDENTIFYING sedimented pink potion
  1108 | D:2      | 1108 ||| DROPPING potion of lignification.
  1116 | D:2      | 1116 ||| STAIRDANCE
  1270 | D:3      | 1270 ||| PLANNING SEWER
  1402 | D:3      | Reached XP level 4. HP: 13/25 MP: 6/6
  1433 | D:3      | 1433 ||| FLEEEEING.
  1534 | D:3      | Found a glowing drain.
  1535 | D:3      | 1535 ||| READING 2 scrolls of identify.
  1535 | D:3      | 1535 ||| IDENTIFYING fuming white potion
  1536 | D:3      | 1536 ||| DROPPING potion of brilliance.
  1548 | Sewer    | Entered a sewer
  1573 | Sewer    | Reached skill level 8 in Ranged Weapons
  1672 | Sewer    | Found an ancient bone altar of Kikubaaqudgha.
  1688 | Sewer    | Noticed a necrophage
  1691 | Sewer    | Noticed Grinder
  1696 | Sewer    | Reached XP level 5. HP: 13/29 MP: 7/7
  1702 | Sewer    | HP: 7/28 [necrophage (1)]
  1703 | Sewer    | HP: 3/27 [necrophage (1)]
  1704 | Sewer    | Slain by a necrophage

Levels and vault maps discovered:
D:1:      spicycebolla_arrival_ecumenical, layout_basic, nrook_loot_triangle,
          hangedman_abyss_or_decor_lesser_grid
D:2:      kennysheep_big_flooded_room, layout_basic, serial_corexii_hall,
          corexii_hall_statues_s, chequers_hall_statues_corner_a,
          corexii_hall_statues_s, chequers_hall_statues_corner_a,
          minmay_pentomino_t2
D:3:      layout_loops_ring, portal_sewer_entry_a
Sewer:    kennysheep_sewer_church

Skill      XL: |  1  2  3  4 |
---------------+-------------+-----
Ranged Weapons | 6 7 8 |  8.4
Fighting       | |  1.5
Dodging        | |  2.4
Stealth        | |  1.2

Action                     |  1- 3 |  4- 6 || total
---------------------------+-------+-------++-------
   Fire: Shortbow          |   107 |    86 ||   193
    Use: Scroll            |     5 |     1 ||     6
         Potion            |     1 |       ||     1
 Armour: Leather armour    |     6 |    16 ||    22
  Dodge: Dodged            |    19 |    50 ||    69

Table legend:
 A = Non-vault XP
 B = Vault XP
 C = Vault XP percentage of total XP
 D = Non-vault monster count
 E = Vault monster count
 F = Vault count percentage of total count
                 A         B        C        D         E       F
            +---------+---------+-------+---------+---------+-------
      Total |      90 |     114 |  55.9 |      29 |      31 |  51.7
            +---------+---------+-------+---------+---------+-------
        D:1 |      18 |       0 |   0.0 |      12 |       0 |   0.0
        D:2 |      62 |       4 |   6.1 |      12 |       3 |  20.0
        D:3 |      10 |      47 |  82.5 |       5 |       7 |  58.3
      Sewer |       0 |      63 | 100.0 |       0 |      21 | 100.0
            +---------+---------+-------+---------+---------+-------
